 Dungeon Crawl Stone Soup version 0.27-a0-1191-g601b473118 (webtiles) character file.

Game seed: 15148771559745147942

644 Wyvernaa the Poker (level 7, -2/41 (51) HPs)
             Began as a Demonspawn Gladiator on May 24, 2021.
             Was an Initiate of Makhleb.
             Shot with an arrow by a centaur (9 damage)
             ... on level 4 of the Dungeon.
             The game lasted 00:09:50 (4710 turns).

Wyvernaa the Poker (Demonspawn Gladiator)           Turns: 4710, Time: 00:09:51

HP:   -2/41 (51)    AC:  7    Str: 15    XL:     7   Next: 26%
MP:   7/7           EV: 13    Int:  9    God:    Makhleb [......]
Gold: 229           SH:  0    Dex: 16    Spells: 6/6 levels left

rFire    . . .     SeeInvis .   a - +1 trident
rCold    . . .     Faith    .   (no shield)
rNeg     . . .     Spirit   .   e - +3 leather armour
rPois    .         Reflect  .   c - +0 helmet
rElec    .         Harm     .   (no cloak)
rCorr    .         Rampage  .   (no gloves)
Will     .....                  (no boots)
Stlth    ++........             (no amulet)
HPRegen  0.13/turn              (no ring)
MPRegen  0.10/turn              (no ring)

@: heavily drained
A: claws 1, hooves 1, powered by death 2
a: Renounce Religion


You were on level 4 of the Dungeon.
You worshipped Makhleb.
Makhleb was noncommittal.
You visited 2 branches of the dungeon, and saw 6 of its levels.

You collected 229 gold pieces.

Inventory:

Hand Weapons
 a - a +1 trident (weapon)
Missiles
 d - 3 throwing nets (quivered)
 f - 8 atropa-tipped darts
Armour
 c - a +0 helmet (worn)
 e - a +3 leather armour (worn)
 o - a +0 ring mail of positive energy
Wands
 i - a wand of polymorph (19)
Scrolls
 p - a scroll of holy word
Potions
 h - a potion of flight {unknown}
 j - 3 potions of heal wounds {unknown}
 k - a potion of lignification {unknown}
 l - a potion of haste {unknown}
 n - a potion of ambrosia {unknown}


   Skills:
 + Level 2.9 Fighting
 * Level 6.3 Polearms
 - Level 1.7 Throwing
 + Level 1.8 Armour
 + Level 3.9 Dodging
 + Level 1.1 Stealth


You had 6 spell levels left.
You didn't know any spells.
Your spell library contained the following spells:

 Spells                   Type           Power      Damage    Failure   Level
 Summon Small Mammal      Summ           0%         N/A       45%         1
 Call Imp                 Summ           0%         N/A       58%         2
 Call Canine Familiar     Summ           0%         N/A       83%         3
 Summon Guardian Golem    Hex/Summ       0%         N/A       83%         3
 Summon Ice Beast         Ice/Summ       0%         N/A       99%         4
 Summon Lightning Spire   Summ/Air       0%         N/A       99%         4


Dungeon Overview and Level Annotations

Branches:
Dungeon (5/15)             Temple (1/1) D:4

Altars:
Ashenzari
Cheibriados
Dithmenos
Gozag
Hepliaklqana
Makhleb
Okawaru
Ru
Sif Muna
Vehumet
Xom
Yredelemnul


Innate Abilities, Weirdness & Mutations

You have sharp fingernails.
You have large cloven feet.
You regenerate health from kills.


Message History

The centaur closely misses you.
The centaur kicks you but does no damage.
The adder misses you. The gnoll hits you but does no damage.
The gnoll hits you with a +1 flail of draining.
* * * LOW HITPOINT WARNING * * *
You feel drained.
* * * LOW HITPOINT WARNING * * *
Okay, then.
It was a potion of curing.
You feel better. The centaur closely misses you. The centaur kicks you.
The adder closely misses you. The gnoll closely misses you.
The centaur hits you but does no damage.
The centaur closely misses you. The gnoll closely misses you.
The adder barely misses you.
You feel better.
The centaur hits you but does no damage.
The centaur kicks you but does no damage.
The gnoll hits you but does no damage. The adder bites you.
The gnoll closely misses you.
You closely miss the adder. You kick the adder.
The adder is severely wounded.
The centaur completely misses you. The centaur barely misses you.
The gnoll hits you but does no damage. The adder bites you.
The centaur misses you. The centaur kicks you.
The gnoll hits you with a +1 flail of draining.
* * * LOW HITPOINT WARNING * * *
You feel drained.
* * * LOW HITPOINT WARNING * * *
The centaur misses you.
The centaur kicks you but does no damage.
The gnoll barely misses you. The adder closely misses you.
The centaur closely misses you. The centaur completely misses you.
The gnoll hits you but does no damage.
You feel drained. The centaur barely misses you.
The centaur kicks you but does no damage.
The gnoll barely misses you. The gnoll misses you.
The centaur wields a +0 shortbow.
The centaur shoots an arrow.
The arrow closely misses you.
The centaur shoots an arrow.
The arrow hits you!
You die...

..'###### #.## #.............#
........# #..# #...........<.#
<.......# ##.## #.............#
#.......# #..# #####'########.
[.......# ##.## ###'### #.
#.......# ###..####.....# ##.
#.......# #.............# #..
........# #.............# ##.#
........# #...@.........####...
........# #.....(.......##.....
........#########gc##.....##.#..⌠
.................gS.#........#...
................gg..#.......(†...
.................)..#........#...
.#######........###..........#..⌠
## #......♣.♣......######.....[.
#.......♣♣......#≈≈≈≈#...#...


You could see a centaur, 3 gnolls and an adder.

Vanquished Creatures
  A black bear (D:4)
  A necrophage (D:4)
  A scorpion (D:4)
  An iron imp (D:3)
  A gnoll shaman (D:4)
  2 hounds (D:4)
  An orc wizard (D:4)
  Natasha (thrice) (D:2)
  A hound skeleton (D:4)
  A howler monkey zombie (D:4)
  A gnoll (D:4)
  7 adders
  A worm (D:2)
  2 dart slugs
  8 orcs
  7 endoplasms
  4 giant cockroaches
  10 goblins
  12 hobgoblins
  4 jackals (D:1)
  3 quokkas
  7 ball pythons
  7 bats
  A frilled lizard (D:1)
  3 kobolds
  6 rats
96 creatures vanquished.

Vanquished Creatures (others)
  3 plants (D:1)
3 creatures vanquished.

Grand Total: 99 creatures vanquished

Notes
Turn   | Place    | Note
-------+----------+-------------------------------------------
     0 | D:1      | Wyvernaa the Demonspawn Gladiator began the quest for the
                  | Orb.
     0 | D:1      | Reached XP level 1. HP: 16/16 MP: 1/1
   348 | D:1      | Reached skill level 3 in Polearms
   348 | D:1      | Gained mutation: You regenerate a little health from kills.
                  | [demonic ancestry]
   348 | D:1      | Reached XP level 2. HP: 22/22 MP: 2/2
   492 | D:1      | Found a faded altar of an unknown god.
   741 | D:1      | Reached XP level 3. HP: 27/27 MP: 3/3
  1383 | D:2      | Found a shimmering blue altar of Sif Muna.
  1403 | D:2      | Noticed Natasha
  1412 | D:2      | Killed Natasha
  1413 | D:2      | Reached XP level 4. HP: 22/33 MP: 4/4
  1464 | D:2      | Noticed Natasha
  1468 | D:2      | Killed Natasha
  1469 | D:2      | Reached skill level 4 in Polearms
  1678 | D:2      | Noticed Natasha
  1686 | D:2      | Killed Natasha
  1687 | D:2      | Gained mutation: You have sharp fingernails. [demonic
                  | ancestry]
  1687 | D:2      | Reached XP level 5. HP: 30/39 MP: 5/5
  1887 | D:2      | Reached skill level 1 in Stealth
  2738 | D:3      | Found an iron altar of Okawaru.
  2867 | D:3      | Found a snail-covered altar of Cheibriados.
  2954 | D:3      | Reached skill level 1 in Armour
  3127 | D:3      | Found Siblig's Distillery.
  3583 | D:4      | Reached skill level 5 in Polearms
  3583 | D:4      | Gained mutation: You regenerate health from kills. [demonic
                  | ancestry]
  3583 | D:4      | Reached XP level 6. HP: 42/46 MP: 6/6
  3610 | D:4      | Found a shadowy altar of Dithmenos.
  3961 | D:4      | Reached skill level 6 in Polearms
  3961 | D:4      | Gained mutation: You have large cloven feet. [demonic
                  | ancestry]
  3961 | D:4      | Reached XP level 7. HP: 49/51 MP: 7/7
  4137 | D:4      | Found a hazy altar of Hepliaklqana.
  4236 | D:4      | Found a staircase to the Ecumenical Temple.
  4257 | Temple   | Entered the Ecumenical Temple
  4333 | Temple   | Became a worshipper of Makhleb the Destroyer
  4626 | D:5      | Entered Level 5 of the Dungeon
  4710 | D:4      | Shot with an arrow by a centaur

Illustrated notes

Levels and vault maps discovered:
D:1:      erik_arrival_cave_to_civilisation [erik_arrival_cave_to_temple],
          layout_loops_ring, serial_bayou, serial_bayou_crossing,
          serial_bayou_pond_c, serial_bayou_pond_a, serial_bayou_pond_c,
          serial_bayou_ford_a, shapermc_ecumenical_altar_venn,
          minmay_indecisive_spiral
D:2:      layout_basic, basic_altar, minmay_puff, uniq_natasha
D:3:      layout_loops_ring, slow_altar_2, okawaru_trees_2, serial_shops,
          nicolae_shop_trees, chequers_serial_rivers_micro_b
D:4:      layout_basic, general_overflow_altar, lemuel_coloured_pillars_altar,
          minmay_temple_entry_large_hall, chequers_garden, supply_closet_lemuel,
          minmay_bisected
D:5:      layout_basic, elyvilon_altar_3
Temple:   minmay_temple_curvy_loop

Skill      XL: |  1  2  3  4  5  6 |
---------------+-------------------+-----
Dodging        | 3 |  3.9
Polearms       | 3 4 5 6 |  6.3
Stealth        | 1 |  1.1
Armour         | 1 |  1.8
Fighting       | |  2.9
Throwing       | |  1.7

Action                   |  1- 3 |  4- 6 |  7- 9 || total
-------------------------+-------+-------+-------++-------
Melee: Trident           |   129 |   214 |    37 ||   380
       Kick              |       |       |    10 ||    10
  Use: Scroll            |     1 |     5 |     2 ||     8
       Potion            |       |       |     2 ||     2
 Stab: Sleeping          |     2 |     1 |     1 ||     4
Armor: Leather armour    |    40 |    59 |    31 ||   130
Dodge: Dodged            |    74 |   118 |    70 ||   262

Table legend: (Time is in decaauts)
 A = Elapsed time spent in this place.
 B = Non-inter-level travel time spent in this place.
 C = Inter-level travel time spent in this place.
 D = Time resting spent in this place.
 E = Time spent auto-exploring this place.
 F = Levels seen in this place.
 G = Mean time per level.
                   A        B        C        D        E       F      G
               +--------+--------+--------+--------+--------+-----+--------+
         Total |   4775 |   4615 |    160 |    538 |   3114 |   6 |  795.8 |
       Dungeon |   4642 |   4538 |    104 |    538 |   3114 |   5 |  928.4 |
        Temple |    132 |     76 |     56 |      0 |      0 |   1 |  132.0 |
               +--------+--------+--------+--------+--------+-----+--------+

Top non-repeatable levels by time:
     D:2: 1543 daAuts
     D:1: 1243 daAuts
     D:3: 1013 daAuts
     D:4: 834 daAuts
  Temple: 132 daAuts
     D:5: 6 daAuts
